 Dungeon Crawl Stone Soup version 0.31-a0-845-g9abc20d24f (webtiles) character file.

Game seed: 4806139806403213328

49 Ethylacetat the Changeling (level 3, -4/24 HPs)
             Began as an Octopode Shapeshifter on Oct 2, 2023.
             Slain by a gnoll
             ... wielding a +0 flail
              (7 damage)
             ... on level 2 of the Dungeon.
             The game lasted 00:01:12 (825 turns).

Ethylacetat the Changeling (Octopode Shapeshifter)   Turns: 825, Time: 00:01:12

Health: -4/24      AC:  1    Str: 13    XL:     3   Next: 75%
Magic:  3/3        EV: 13    Int: 12    God:
Gold:   124        SH:  0    Dex: 13    Spells: 2/2 levels left

rFire   . .          .
                       - Unarmed
rCold   . . .        (no shield)
rNeg    . . .        (helmet currently unavailable)
rPois   .            (no amulet)
rElec   .            (no ring)
rCorr   .            (no ring)
SInv    .            (no ring)
Will    .....        (no ring)
Stlth   ++           (no ring)
HPRegen 0.24/turn    (no ring)
MPRegen 0.08/turn    (no ring)
                     (no ring)

%: no passive effects
@: beast-form
A: beast (slay +2), almost no armour, amphibious, 8 rings, camouflage 1,
gelatinous body 1, (nimble swimmer 1), tentacles
a: Begin Untransformation


You were on level 2 of the Dungeon.
You were a hulking beast.
You visited 1 branch of the dungeon, and saw 2 of its levels.

You collected 124 gold pieces.

Inventory:

Talismans
 b - a beast talisman (active)
 c - a flux talisman
Potions
 a - a potion of lignification
 d - a potion of magic {unknown}
 e - a potion of invisibility {unknown}
 f - 2 potions of attraction {unknown}
 g - a potion of enlightenment {unknown}
 h - a potion of mutation {unknown}


   Skills:
 + Level 1.7 Fighting
 + Level 2.4 Dodging
 + Level 3.3 Unarmed Combat
 * Level 3.6 Shapeshifting


You had 2 spell levels left.
You didn't know any spells.
Your spell library was empty.

Dungeon Overview and Level Annotations

Branches:
Dungeon (2/15)

Altars:


Innate Abilities, Weirdness & Mutations

You are a hulking beast.
Your limbs bulge with bestial killing power. (Slay +2)
You cannot wear most types of armour.
You are amphibious.
You can wear up to eight rings at the same time.
Your skin changes colour to match your surroundings (Stealth+).
Your rubbery body absorbs attacks. (AC +1, EV +1)
((You are camouflaged when in or above water. (Stealth+)))
You have tentacles for arms and can constrict up to eight enemies at once.


Message History

You tentacle-slap the ball python.
You kill the ball python!
You now have 118 gold pieces (gained 14).
You open the door.
There is an open door here.
Found 4 poisoned darts.
No target in view!
A rat comes into view.
A rat is nearby!
Found 6 gold pieces.
A rat is nearby!
The helpless rat fails to defend itself.
You bludgeon the rat!
You kill the rat!
You see here a rat corpse.
You now have 124 gold pieces (gained 6).
A gnoll comes into view. It is wielding a +0 halberd.
The gnoll shouts!
A gnoll comes into view. It is wielding a +0 spear of freezing.
A gnoll comes into view. It is wielding a +0 flail.
There are monsters nearby!
An endoplasm comes into view.
The gnoll shouts!
The endoplasm quivers.
You hear a shout!
You hear an angry hiss.
A worm comes into view.
There are monsters nearby!
A gnoll and an adder come into view.
The adder hisses angrily.
You tentacle-slap the gnoll. You grab the gnoll. You squeeze the gnoll!
You kill the gnoll!
The gnoll hits you from afar with a +0 spear of freezing!
The gnoll freezes you.
Okay, then.
The gnoll hits you with a +0 spear of freezing.
* * * LOW HITPOINT WARNING * * *
The gnoll freezes you.
* * * LOW HITPOINT WARNING * * *
The gnoll hits you with a +0 flail!
You die...

... .. ..# #... ..#.#.#
#.#.#... ###...#.#
#.#.... ...#.#w#####
#.#.#.. ...........
###.#.#.######..........
..........#.............
###.#.#.#.#.#....g.g....
# #.#.....#.#...hg.S....
###.#...#......).J......
+..†....#.#....#...#####
###.#...#............. #
#.#...#.#+#####..#...
#.#...#.. ..#....
#.##..#.. ### #+#
###.##..+.. ........#...


You could see a worm, 3 gnolls, an adder and an endoplasm.

Vanquished Creatures
  A gnoll (D:2)
  A dart slug (D:2)
  4 bats (D:1)
  4 endoplasms
  3 goblins
  4 hobgoblins
  2 kobolds
  2 quokkas (D:1)
  4 ball pythons
  2 frilled lizards
  7 rats
34 creatures vanquished.

Notes
Turn   | Place    | Note
-------+----------+-------------------------------------------
     0 | D:1      | Ethylacetat the Octopode Shapeshifter began the quest for
                  | the Orb.
     0 | D:1      | Reached XP level 1. HP: 13/13 MP: 1/1
   144 | D:1      | Reached XP level 2. HP: 18/18 MP: 2/2
   373 | D:1      | Reached XP level 3. HP: 20/23 MP: 3/3
   825 | D:2      | Slain by a gnoll

Illustrated notes

Levels and vault maps discovered:
D:1:      scummos_arrival_simple_fountains, layout_basic, minmay_crystal_water,
          minivault_24, minivault_27
D:2:      layout_basic, minmay_pentomino_v4

Action                     || total
---------------------------++-------
  Melee: Unarmed           ||    54
         Constrict         ||    13
         Tentacles         ||    10
   Stab: Sleeping          ||     5
 Armour: Skin              ||    21
  Dodge: Dodged            ||    26

Table legend: (Time is in decaauts)
 A = Elapsed time spent in this place.
 B = Non-inter-level travel time spent in this place.
 C = Inter-level travel time spent in this place.
 D = Time resting spent in this place.
 E = Time spent auto-exploring this place.
 F = Levels seen in this place.
 G = Mean time per level.
                   A        B        C        D        E       F      G
               +--------+--------+--------+--------+--------+-----+--------+
         Total |    821 |    809 |     12 |      0 |    617 |   2 |  410.5 |
       Dungeon |    821 |    809 |     12 |      0 |    617 |   2 |  410.5 |
               +--------+--------+--------+--------+--------+-----+--------+

Top non-repeatable levels by time:
     D:1: 571 daAuts
     D:2: 250 daAuts
